 Dungeon Crawl Stone Soup version 0.27.0-1-g7a089689b8 (webtiles) character file.

Game seed: 10820015283305080707

149 SnakkuSnakku7 the Chopper (level 5, -7/39 HPs)
             Began as a Palentonga Chaos Knight on Aug 4, 2021.
             Was a Plaything of Xom.
             Killed from afar by a steam dragon (20 damage)
             ... with a ball of steam
             ... on level 3 of the Dungeon.
             The game lasted 00:03:36 (3732 turns).

SnakkuSnakku7 the Chopper (Palentonga Chaos Knight) Turns: 3732, Time: 00:03:42

Health: -7/39      AC:  8    Str: 16    XL:     5   Next: 9%
Magic:  5/5        EV:  2    Int: 13    God:    Xom [......]
Gold:   97         SH:  0    Dex:  9    Spells: 4/4 levels left

rFire    . . .     SeeInvis +   a - +0 war axe
rCold    . . .     Faith    .   (no shield)
rNeg     . . .     Spirit   .   o - +0 plate armour
rPois    .         Reflect  .   (no helmet)
rElec    .         Harm     .   (no cloak)
rCorr    .         Rampage  .   (no gloves)
Will     .....                  (no barding)
Stlth    ..........             (no amulet)
HPRegen  0.13/turn              (no ring)
MPRegen  0.09/turn              (no ring)

@: no status effects
A: large, rugged brown scales 3, see invisible, deformed body, roll 1, armoured
tail, frail 1
a: Rolling Charge, Renounce Religion


You were on level 3 of the Dungeon.
You worshipped Xom.
You were a very special plaything of Xom.
You visited 1 branch of the dungeon, and saw 3 of its levels.

You collected 97 gold pieces.

Inventory:

Hand Weapons
 a - a +0 war axe (weapon)
 r - a +0 hand axe of chaos
Missiles
 k - 4 curare-tipped darts (quivered)
Armour
 b - a +2 leather armour
 o - a +0 plate armour (worn)
Jewellery
 m - a ring of flight
Scrolls
 f - a scroll of amnesia {unknown}
 g - a scroll of magic mapping {unknown}
 h - a scroll of enchant weapon {unknown}
 i - a scroll of fear {unknown}
 l - 2 scrolls of torment {unknown}
 n - a scroll of teleportation
 p - a scroll of summoning
Potions
 c - 3 potions of curing {unknown}
 d - 2 potions of haste
 j - 3 potions of heal wounds
 q - a potion of flight


   Skills:
 - Level 3.0 Fighting
 + Level 5.8 Axes
 - Level 1.5 Armour
 - Level 0.7 Dodging


You had 4 spell levels left.
You didn't know any spells.
Your spell library contained the following spells:

 Spells                   Type           Power      Damage    Failure   Level
 Shock                    Conj/Air       0%         1d3       100%        1
 Sting                    Tmut/Pois      0%         1d3       100%        1
 Summon Small Mammal      Summ           0%         N/A       100%        1
 Poisonous Vapours        Pois/Air       0%         N/A       100%        2
 Call Canine Familiar     Summ           0%         N/A       100%        3
 Portal Projectile        Hex/Tloc       0%         N/A       100%        3
 Summon Guardian Golem    Hex/Summ       0%         N/A       100%        3
 Swiftness                Air            0%         N/A       100%        3
 Airstrike                Air            0%         N/A       100%        4
 Leda's Liquefaction      Hex/Erth       0%         N/A       100%        4
 Olgreb's Toxic Radiance  Pois           0%         N/A       100%        4


Dungeon Overview and Level Annotations

Branches:
Dungeon (3/15)

Altars:


Innate Abilities, Weirdness & Mutations

You are completely covered in rugged brown scales. (AC +3, +7% HP)
You have supernaturally acute eyesight. (SInv)
Armour fits poorly on your strangely shaped body.
You can roll at nearby foes to attack.
You have a long armoured tail.
You are frail. (-10% HP)


Message History

The steam dragon seems to slow down.
The steam dragon hisses angrily.
The steam dragon is moderately wounded.
Throw: 6 darts (curare)
Press: ? - help, Q - select action, (/) - cycle Shift-Dir - straight line, f/p - steam dragon
Aim: a steam dragon (moderately wounded, very poisoned, slow, 52% to hit)
You throw a curare-tipped dart.
The curare-tipped dart hits the steam dragon.
The steam dragon looks as sick as possible!
The steam dragon convulses.
The steam dragon seems to be slow for longer.
The steam dragon is heavily wounded.
Throw: 5 darts (curare)
Press: ? - help, Q - select action, (/) - cycle Shift-Dir - straight line, f/p - steam dragon
Aim: a steam dragon (severely wounded, extremely poisoned, slow, 50% to hit)
You throw a curare-tipped dart.
The curare-tipped dart closely misses the steam dragon.
Unknown command.
You closely miss the steam dragon.
The steam dragon is severely wounded.
The steam dragon bites you but does no damage.
The steam dragon claws you but does no damage.
You hit the steam dragon.
Your tail-slap misses the steam dragon.
The steam dragon is almost dead.
You hit the steam dragon but do no damage.
You tail-slap the steam dragon, but do no damage.
The steam dragon is almost dead.
The steam dragon bites you.
The steam dragon claws you but does no damage.
You hit the steam dragon but do no damage.
The steam dragon is almost dead.
The steam dragon breathes steam at you. The ball of steam hits you!
Your plate armour prevents you from hitting the steam dragon.
The steam dragon is almost dead.
You are engulfed in a cloud of scalding steam.
The steam dragon breathes steam at you. The ball of steam hits you!!
Ouch! That really hurt!
You die...

#.# ##.###.##....# #.#
############ ###..##.##....# ..#
...........# #........'....# ###
...........# #.##.##.##....# ###
...........# #)##..#.#####.# ..#
...........####'###.#.# #.# #.#
..............§...#.#.# #.# #.#
#########....§....#.#.# #.# #.#
#.........@.....#.#.# #.. #.#
#........D......#.#.# #.. ..##
#...............#.#.# #..
...####....((.........#.#.#####.)
#.....................#...#......
......................##..#.#####
.............######....#..#.#....
.......#####.# #.####..#.#.###
.......#####<# #.# #...#.#.#..


You could see a steam dragon (very poisoned, slow, catching breath).

Vanquished Creatures
  A killer bee (D:1)
  2 adders
  2 worms
  A dart slug (D:1)
  7 orcs (D:3)
  5 ball pythons
  6 endoplasms
  A giant cockroach (D:1)
  3 goblins
  4 hobgoblins
  11 jackals
  3 quokkas
  5 bats
  A frilled lizard (D:1)
  9 kobolds
  6 rats
67 creatures vanquished.

Vanquished Creatures (collateral kills)
  A worm (D:3)
1 creature vanquished.

Grand Total: 68 creatures vanquished

Notes
Turn   | Place    | Note
-------+----------+-------------------------------------------
     0 | D:1      | SnakkuSnakku7 the Palentonga Chaos Knight began the quest
                  | for the Orb.
     0 | D:1      | Reached XP level 1. HP: 19/19 MP: 1/1
    58 | D:1      | XOM: smoke on damage
    59 | D:1      | XOM: smoke on damage
   230 | D:1      | XOM: divination: magic mapping
   256 | D:1      | XOM: divination: detect items
   263 | D:1      | XOM: divination: detect items
   264 | D:1      | XOM: butterfly on damage
   405 | D:1      | Reached XP level 2. HP: 25/25 MP: 2/2
   428 | D:1      | XOM: 2-stop teleportation journey
   498 | D:1      | Noticed a killer bee
   498 | D:1      | a bat changed into a killer bee
   498 | D:1      | XOM: polymorph bat -> killer bee
   500 | D:1      | Killed a killer bee
   501 | D:1      | Reached skill level 4 in Axes
   501 | D:1      | Reached XP level 3. HP: 27/31 MP: 3/3
   725 | D:1      | XOM: summons 2 hostile demons
   787 | D:1      | Reached XP level 4. HP: 36/37 MP: 4/4
   861 | D:1      | XOM: stat loss: -1 Int (12/13)
  1014 | D:1      | XOM: give mutation
  1014 | D:1      | Gained mutation: You are frail. (-10% HP) [Xom's mischief]
  1182 | D:2      | Reached skill level 5 in Axes
  2099 | D:2      | XOM: summons 3 hostile shadow creatures
  2492 | D:3      | XOM: summons 3 hostile demons
  2500 | D:3      | XOM: butterfly on damage
  2870 | D:3      | Noticed a steam dragon
  2875 | D:3      | XOM: enchant monster (bad)
  2879 | D:3      | XOM: 8-stop teleportation journey
  2893 | D:3      | Reached XP level 5. HP: 30/39 MP: 5/5
  3732 | D:3      | Killed from afar by a steam dragon

Illustrated notes

Levels and vault maps discovered:
D:1:      kennysheep_arrival_forest, layout_loops_ring
D:2:      layout_basic, patterned_corridor
D:3:      layout_basic

Skill      XL: |  1  2  3  4 |
---------------+-------------+-----
Axes           | 4 5 |  5.8
Fighting       | |  3.0
Armour         | |  1.5
Dodging        | |  0.7

Action                   |  1- 3 |  4- 6 || total
-------------------------+-------+-------++-------
Melee: Hand axe          |    61 |   128 ||   189
       Tailslap          |     2 |    14 ||    16
       War axe           |       |     6 ||     6
Throw: Dart              |       |     4 ||     4
  Use: Potion            |       |     1 ||     1
       Scroll            |       |     3 ||     3
 Stab: Paralysed         |       |     2 ||     2
Armor: Leather armour    |    23 |    18 ||    41
       Plate armour      |       |    86 ||    86
Dodge: Dodged            |    31 |    29 ||    60
